 Dungeon Crawl Stone Soup version 0.30.1-3-gfc49f6343a (webtiles) character file.

Game seed: 3240911536033046320

109 spardeous the Conjurer (level 4, -5/33 HPs)
             Began as a Demigod Conjurer on Aug 5, 2023.
             Slain by Grinder (7 damage)
             ... on level 3 of the Dungeon.
             The game lasted 00:05:05 (2532 turns).

spardeous the Conjurer (Demigod Conjurer)           Turns: 2532, Time: 00:05:06

Health: -5/33      AC:  6    Str:  8    XL:     4   Next: 35%
Magic:  0/11       EV: 10    Int: 24    God:
Gold:   184        SH:  0    Dex: 12    Spells: 6/9 levels left

rFire   . . .        q - +1 dagger (pain)
rCold   . . .        (no shield)
rNeg    . . .        o - +0 ring mail
rPois   .            (no helmet)
rElec   .            (no cloak)
rCorr   .            p - +0 pair of gloves
SInv    .            (no boots)
Will    .....        k - amulet of the acrobat
Stlth   +            (no ring)
HPRegen 0.25/turn    (no ring)
MPRegen 0.12/turn

%: acrobat
@: very slightly contaminated
A: high MP 1, forlorn, divine attributes
a: no special abilities


You were on level 3 of the Dungeon.
You visited 1 branch of the dungeon, and saw 3 of its levels.

You collected 184 gold pieces.

Inventory:

Hand Weapons
 c - a +0 short sword
 q - a +1 dagger of pain (weapon)
Armour
 a - a +0 robe
 o - a +0 ring mail (worn)
 p - a +0 pair of gloves (worn)
Jewellery
 k - an amulet of the acrobat (around neck)
Scrolls
 d - a scroll of enchant armour {unknown}
 e - 2 scrolls of identify {unknown}
 f - 2 scrolls of teleportation {unknown}
 g - 2 scrolls of poison {unknown}
 h - a scroll of torment {unknown}
 j - a scroll of fear {unknown}
 m - 2 scrolls of vulnerability {unknown}
 n - 2 scrolls of magic mapping {unknown}
Potions
 b - a potion of magic
 i - a potion of attraction {unknown}
 l - a potion of flight {unknown}


   Skills:
 - Level 1.7 Dodging
 - Level 1.7 Stealth
 + Level 3.1 Spellcasting
 + Level 4.6 Conjurations


You had 6 spell levels left.
You knew the following spells:

 Your Spells              Type           Power      Damage    Failure   Level
a - Magic Dart            Conj           100%       1d8       4%          1
b - Searing Ray           Conj           52%        2d6       8%          2

Your spell library contained the following spells:

 Spells                   Type           Power      Damage    Failure   Level
 Apportation              Tloc           6%         N/A       32%         1
 Sting                    Tmut/Pois      12%        1d3       32%         1
 Dazzling Flash           Conj/Hex       30%        N/A       36%         3
 Poisonous Vapours        Pois/Air       6%         N/A       45%         2
 Fulminant Prism          Conj/Hex       7%         3d6       77%         4
 Iskenderun's Mystic Bla  Conj/Tloc      15%        2d5       77%         4
 Olgreb's Toxic Radiance  Pois           3%         N/A       97%         4
 Alistair's Intoxication  Tmut/Pois      2%         N/A       100%        5


Dungeon Overview and Level Annotations

Branches:
Dungeon (3/15)

Annotations:
D:3 Grinder


Innate Abilities, Weirdness & Mutations

You have an increased reservoir of magic. (+10% MP)
You shall have no god before yourself.
Your divine heritage dramatically boosts your attributes as you level up.


Message History

The searing ray hits Grinder.
Grinder is almost dead.
Grinder says, "Wait up."
The searing ray hits Grinder.
Grinder is almost dead.
You finish channelling your searing ray.
Grinder completely misses you.
You now have 1/11 mp.
Casting: Searing Ray (safe; 8% risk of failure)
Confirm with . or Enter, or press ? or * to list all spells.
Aiming: Magic Dart (safe; 4% risk of failure)
Press: ? - help, Shift-Dir - straight line, f/p - Grinder
Aim: Grinder (almost dead, 100% to hit)
You miscast Magic Dart.
You are very lightly contaminated with residual magic.
Nothing appears to happen.
Grinder hits you.
* * * LOW HITPOINT WARNING * * *
You writhe in agony.
* * * LOW HITPOINT WARNING * * *
You take 2 damage, and have 11/33 hp.
You now have 0/11 mp.
You hit Grinder.
Grinder is almost dead.
Grinder hits you.
* * * LOW HITPOINT WARNING * * *
You writhe in agony.
* * * LOW HITPOINT WARNING * * *
You take 10 damage, and have 1/33 hp.
MASSIVE DAMAGE!!
You closely miss Grinder.
Grinder is almost dead.
Grinder hits you but does no damage.
Unknown command.
You closely miss Grinder.
Grinder is almost dead.
Grinder gestures at you. You resist with significant effort.
Unknown command.
You barely miss Grinder.
Grinder is almost dead.
Grinder hits you!
You die...

... #.# #.###.####.#
#. #....#.#### ###.#
#......# #....
#......# #....
#......# ..#....
#....$.#
#......#####......#
..........5@......#
###....#####........
#.... ##########
#####


You could see Grinder.

Vanquished Creatures
  4 gnolls (D:3)
  2 worms
  A dart slug (D:2)
  2 orcs (D:3)
  7 ball pythons
  7 endoplasms
  A giant cockroach (D:1)
  2 goblins
  4 hobgoblins
  8 jackals (D:1)
  6 kobolds
  3 quokkas
  6 bats
  3 frilled lizards
  3 rats
  A spectral kobold (D:1)
60 creatures vanquished.

Notes
Turn   | Place    | Note
-------+----------+-------------------------------------------
     0 | D:1      | spardeous the Demigod Conjurer began the quest for the Orb.
     0 | D:1      | Reached XP level 1. HP: 14/14 MP: 5/5
   140 | D:1      | Reached XP level 2. HP: 18/20 MP: 0/7
   331 | D:1      | Reached skill level 4 in Conjurations
   825 | D:1      | Reached XP level 3. HP: 17/26 MP: 0/9
  1350 | D:2      | Learned a level 2 spell: Searing Ray
  2259 | D:3      | Reached XP level 4. HP: 33/33 MP: 5/11
  2409 | D:3      | Noticed Grinder
  2529 | D:3      | HP: 1/33 [Grinder (4)]
  2532 | D:3      | Slain by Grinder

Illustrated notes

Levels and vault maps discovered:
D:1:      dpeg_arrival_water_temple_mockup, layout_loops_cross,
          dreamdust_ecumenical_altar_drowned_temple, minmay_pentomino_o2
D:2:      layout_basic
D:3:      layout_rooms, minitemple, portal_sewer_entry_e, uniq_grinder,
          uniq_crazy_yiuf_cottage

Skill      XL: |  1  2  3  4 |
---------------+-------------+-----
Spellcasting   | 2 3 |  3.1
Conjurations   | 4 |  4.6
Dodging        | |  1.7
Stealth        | |  1.7

Action                     |  1- 3 |  4- 6 || total
---------------------------+-------+-------++-------
  Melee: Unarmed           |     2 |       ||     2
         Short sword       |     1 |     3 ||     4
         Dagger            |       |     6 ||     6
   Cast: Magic Dart        |    84 |     9 ||    93
         Searing Ray       |     5 |     5 ||    10
 Armour: Robe              |    80 |       ||    80
         Ring mail         |     1 |    10 ||    11
  Dodge: Dodged            |   178 |    49 ||   227
